 Dungeon Crawl Stone Soup version 0.26-b1-32-g5d43845318 (webtiles) character file.

Game seed: 9791562436690947229

28 Snicker the Sneak (level 2, -3/24 HPs)
             Began as a Demonspawn Delver on Jan 5, 2021.
             Was an Initiate of Wu Jian.
             Slain by a scorpion (8 damage)
             ... on level 6 of the Dungeon.
             The game lasted 00:01:57 (1095 turns).

Snicker the Sneak (Demonspawn Delver)               Turns: 1095, Time: 00:01:58

Health: -3/24      AC:  3    Str: 12    XL:     2   Next: 96%
Magic:  2/2        EV: 12    Int: 11    God:    Wu Jian [......]
Gold:   65         SH:  0    Dex: 14    Spells: 1/1 levels left

rFire    . . .     SeeInvis .   a - +0 short sword
rCold    . . .     Faith    .   (no shield)
rNeg     . . .     Spirit   .   b - +0 leather armour
rPois    .         Reflect  .   (no helmet)
rElec    .         Harm     .   (no cloak)
rCorr    .         Rampage  .   (no gloves)
Will     .....                  (no boots)
Stlth    ++........             (no amulet)
HPRegen  0.08/turn              (no ring)
MPRegen  0.08/turn              (no ring)

@: lethally poisoned (-3 -> -10), attractive
A: hooves 1
a: Renounce Religion


You were on level 6 of the Dungeon.
You worshipped Wu Jian.
Wu Jian was noncommittal.
You visited 2 branches of the dungeon, and saw 3 of its levels.

You collected 65 gold pieces.

Inventory:

Hand Weapons
 a - a +0 short sword (weapon)
Armour
 b - a +0 leather armour (worn)
Wands
 g - a wand of digging (3)
Scrolls
 c - a scroll of fog
 d - a scroll of magic mapping
 e - 2 scrolls of fear
 f - a scroll of enchant weapon {unknown}
 h - a scroll of teleportation {unknown}
 i - a scroll of remove curse {unknown}
 j - a scroll of amnesia {unknown}


   Skills:
 + Level 3.1 Fighting
 + Level 2.0 Short Blades
 + Level 0.6 Armour
 + Level 1.8 Dodging
 + Level 5.0 Stealth


You had one spell level left.
You didn't know any spells.
Your spell library was empty.

Dungeon Overview and Level Annotations

Branches:
Dungeon (6/15)             Temple (1/1) D:6

Altars:
Dithmenos
Fedhas
Okawaru
Vehumet
Wu Jian

Shops:
D:6 (

Annotations:
D:5 Dowan, Duvessa


Innate Abilities, Weirdness & Mutations

You have large cloven feet.


Message History

The scorpion is moderately wounded.
You feel sick. The scorpion stings you.
You hit the scorpion.
You kick the scorpion, but do no damage.
The scorpion is moderately wounded.
You feel sick. The scorpion barely misses you.
You hit the scorpion. You kick the scorpion.
The scorpion is severely wounded.
* * * LOW HITPOINT WARNING * * *
You feel sick. The scorpion misses you.
It was a potion of attraction.
You feel attractive to monsters.
* * * LOW HITPOINT WARNING * * *
You feel sick.
The scorpion stings you but does no damage.
You hit the scorpion. You kick the scorpion.
The scorpion is almost dead.
* * * LOW HITPOINT WARNING * * *
You feel sick. The scorpion stings you!
You die...

....#...........
...............
#.............
###............
+#######..............
......................
......................
..................:...
.............@s.......
.............#####....
...........#รท# .... .
........####.# ... .#
........## #.# .. .#
#######..# #.. .# ##.#
### .# #.# .# ###.###


You could see a scorpion.

Vanquished Creatures
  A hound (D:6)
1 creature vanquished.

Notes
Turn   | Place    | Note
-------+----------+-------------------------------------------
     0 | D:5      | Snicker the Demonspawn Delver began the quest for the Orb.
     0 | D:5      | Reached XP level 1. HP: 18/18 MP: 1/1
   103 | D:5      | Noticed an ice beast
   119 | D:6      | Noticed an iguana
   119 | D:6      | Noticed a water moccasin
   134 | D:6      | Found Gudu's Weapon Boutique.
   180 | D:5      | Noticed Duvessa
   186 | D:5      | Noticed Dowan
   659 | D:6      | Found a staircase to the Ecumenical Temple.
   667 | Temple   | Entered the Ecumenical Temple
   703 | Temple   | Became a worshipper of the Wu Jian Council
   732 | D:6      | Noticed a hound
   744 | D:6      | Killed a hound
   745 | D:6      | Reached skill level 5 in Stealth
   745 | D:6      | Gained mutation: You have large cloven feet. [demonic
                  | ancestry]
   745 | D:6      | Reached XP level 2. HP: 6/24 MP: 2/2
  1068 | D:6      | Noticed a scorpion
  1095 | D:6      | Slain by a scorpion

Illustrated notes

Levels and vault maps discovered:
D:5:      cheibrodos_barr_body, layout_loops_cross, gammafunk_ghost_icy,
          uniq_edmund, uniq_duvessa, uniq_eustachio, uniq_sigmund
D:6:      layout_basic, grunt_temple_overflow_open, temple_doors_e,
          serial_shops, shop, uniq_maggie
Temple:   minmay_crystal_spiral_temple

Skill      XL: |  1 |
---------------+----+-----
Short Blades   | 2 |  2.0
Stealth        | 5 |  5.0
Fighting       | |  3.1
Armour         | |  0.6
Dodging        | |  1.8

Action                   || total
-------------------------++-------
Melee: Short sword       ||    20
       Kick              ||     4
  Use: Potion            ||     2
Armor: Leather armour    ||     3
Dodge: Dodged            ||    14
